 Dungeon Crawl Stone Soup version 0.24.0-37-gcf1ca852f1 (webtiles) character file.

Game seed: 10000218332147666894, levelgen mode: deterministic

38028 Cryoshakespeare the Fencer (level 13, -6/100 HPs)
             Began as a Vampire Monk on Nov 21, 2019.
             Was a High Priest of Ru.
             Mangled by a skeletal warrior
             ... wielding a +2 great sword of flaming
              (18 damage)
             ... in a volcano on Nov 22, 2019.
             The game lasted 00:43:14 (13613 turns).

Cryoshakespeare the Fencer (Vampire Monk)          Turns: 13613, Time: 00:43:15

Health: -6/100     AC:  8    Str:  8    XL:     13   Next: 61%
Magic:  5/13       EV: 20    Int: 12    God:    Ru [*****.]
Gold:   788        SH:  0    Dex: 22    Spells: 8/12 levels left

rFire    + + .     SeeInvis +   v - +1 great sword "Newtbane" {drain, MR+}
rCold    + + .     Gourm    .   (shield currently unavailable)
rNeg     + . .     Faith    .   x - +2 robe {rF+}
rPois    .         Spirit   .   (no helmet)
rElec    .         Reflect  .   s - +1 cloak
rCorr    .         Harm     .   A - +1 pair of gloves
MR       ++...     NoTele   +   (no boots)
Stlth    ..........             (no amulet)
HPRegen  0.46/turn              m - ring of protection from cold
MPRegen  0.13/turn              K - ring of Due Proportion {-Tele rF+ rC+ rN+}

@: exhausted, regenerating quickly, heavily drained
A: no food, fangs 3, see invisible, weak 1, unbreathing, no stealth, inability
to use devices, inability to train armour, no poison magic, no summoning magic,
no transmutations magic
a: Exsanguinate, Draw Out Power, Power Leap, Apocalypse, Renounce Religion


You were in a volcano.
You worshipped Ru.
Ru was extremely pleased with you.
You were alive.

You visited 2 branches of the dungeon, and saw 14 of its levels.
You also visited: Ossuary and Volcano.

You collected 1388 gold pieces.
You spent 600 gold pieces at shops.

Inventory:

Hand Weapons
 u - a +1 long sword
 v - the +1 great sword "Newtbane" (weapon) {drain, MR+}
   (You found it on level 4 of the Dungeon)

   A truly terrible weapon, it drains the life of those it strikes.
   It affects your resistance to hostile enchantments.
 D - a +1 scimitar of flaming
 H - a +0 great sword
Armour
 a - a +0 robe
 q - a +2 shield
 s - a +1 cloak (worn)
 x - a +2 robe of fire resistance (worn)
 A - a +1 pair of gloves (worn)
 M - the +1 robe of Listlessness {rPois Dex+8}
   (You found it on level 12 of the Dungeon)

   It affects your dexterity (+8).
   It protects you from poison.
Jewellery
 e - an uncursed ring of stealth
 f - a +3 ring of intelligence
 m - a ring of protection from cold (left hand)
 K - the ring of Due Proportion (right hand) {-Tele rF+ rC+ rN+}
   (You found it on level 11 of the Dungeon)

   [ring of protection from fire]

   It protects you from fire.
   It protects you from cold.
   It protects you from negative energy.
   It prevents most forms of teleportation.
Scrolls
 b - 3 scrolls of enchant armour
 c - 4 scrolls of fear
 g - 7 scrolls of remove curse
 n - 3 scrolls of teleportation
 o - 2 scrolls of identify
 t - 3 scrolls of enchant weapon
 B - a scroll of noise {unknown}
 C - a scroll of blinking {unknown}
 E - a scroll of amnesia
Potions
 d - 3 potions of haste
 h - a potion of berserk rage
 i - 4 potions of curing
 j - a potion of invisibility
 k - 4 potions of brilliance
 l - 2 potions of degeneration
 p - 2 potions of flight
 r - 3 potions of agility
 z - a potion of lignification {unknown}
 G - 3 potions of might
 I - a potion of mutation {unknown}
 J - a potion of cancellation {unknown}
 L - a potion of resistance {unknown}


   Skills:
 + Level 8.9(6.7) Fighting
 * Level 16.2(13.6) Long Blades
 + Level 11.2(8.9) Dodging
 - Level 1.8(0.1) Shields
 - Level 5.6(3.6) Unarmed Combat
 - Level 3.0(1.1) Hexes
 - Level 3.3(1.4) Charms
 - Level 3.1(1.3) Translocations


You had 8 spell levels left.
You knew the following spells:

 Your Spells              Type           Power        Failure   Level  Hunger
a - Confusing Touch       Hex            #.....       21%         1    N/A
b - Shroud of Golubria    Chrm/Tloc      #.....       28%         2    N/A
c - Animate Skeleton      Necr           N/A          32%         1    N/A

Your spell library contained the following spells:

 Spells                   Type           Power        Failure   Level  Hunger
 Infusion                 Chrm           #...         19%         1    N/A
 Song of Slaying          Chrm           #.......     28%         2    N/A
 Freeze                   Ice            #...         32%         1    N/A
 Pain                     Necr           #...         32%         1    N/A
 Throw Frost              Conj/Ice       #.....       45%         2    N/A
 Confuse                  Hex            #.......     52%         3    N/A
 Gell's Gravitas          Tloc           #.........   52%         3    N/A
 Spectral Weapon          Hex/Chrm       #.......     52%         3    N/A
 Ozocubu's Armour         Chrm/Ice       #.......     58%         3    N/A
 Regeneration             Chrm/Necr      #.........   58%         3    N/A
 Vampiric Draining        Necr           #.........   69%         3    N/A
 Animate Dead             Necr           N/A          97%         4    N/A
 Throw Icicle             Conj/Ice       #.......     97%         4    N/A
 Metabolic Englaciation   Hex/Ice        #.........   100%        5    N/A
 Petrify                  Tmut/Erth      Unusable     N/A         4    N/A
 Summon Ice Beast         Ice/Summ       Unusable     N/A         4    N/A
 Yara's Violent Unravell  Hex/Tmut       Unusable     N/A         5    N/A

Dungeon Overview and Level Annotations

Branches:
Dungeon (13/15)            Temple (0/1) D:6            Lair (1/6) D:11
    Orc (0/2) D:11        Ossuary (visited)         Volcano (1/1)
 Vaults: D:13-14

Altars:
Cheibriados
Elyvilon
Fedhas
Hepliaklqana
Kikubaaqudgha
Okawaru
Qazlal
Ru
Sif Muna
Uskayaw
Vehumet
Yredelemnul
Beogh

Shops:
D:7 %   D:11 :([   D:12 [

Annotations:
D:4 2 transporters, fritzmikael's ghost, amateur OgFi
D:8 2 transporters


Innate Abilities, Weirdness & Mutations

You do not eat.
Your natural rate of healing is unusually fast.
You have razor-sharp teeth.
You have supernaturally acute eyesight. (SInv)
You are weak. (Str -2)
You can survive without breathing.
You cannot be stealthy.
You cannot study or use magical devices.
You cannot train Armour skill.
You cannot study or cast Poison magic.
You cannot study or cast Summoning magic.
You cannot study or cast Transmutations magic.


Message History

Unknown command.
Okay, then.
Okay, then.
Unknown command.
Unknown command.
Okay, then.
You see here 22 gold pieces.
Throwing (i - inventory)
F - 2 throwing nets (quivered)
Press: ? - help, Shift-Dir - straight line, f - skeletal warrior
Aim: a skeletal warrior, wielding a +2 great sword of flaming and wearing the cursed +1 fire dragon scales "Woqusa" {rF++ rC- Int+2} (almost destroyed, slow, blind)
You throw a throwing net.
The throwing net barely misses the skeletal warrior.
The skeletal warrior is no longer blind.
Throwing (i - inventory)
F - a throwing net (quivered)
Press: ? - help, Shift-Dir - straight line, f/p - skeletal warrior
Aim: a skeletal warrior, wielding a +2 great sword of flaming and wearing the cursed +1 fire dragon scales "Woqusa" {rF++ rC- Int+2} (almost destroyed, slow)
You throw a throwing net.
The throwing net barely misses the skeletal warrior.
The skeletal warrior hits you with a +2 great sword of flaming!!
You die...

########## #...##@$$+
#...##z..# #...##...# §§§#
###.##.### ≈§≈≈# #.##.# §≈≈≈≈##
##)##.## #######+#
≈§§≈.≈######.....)#####...'...#
≈§§≈....##......(.....)...#...#
§§§§...§.###)#..#.#####...# ..#


You could see a skeletal warrior.

Vanquished Creatures
  A hydra (D:9)
  Harold (D:9)
  The ghost of lenfi the Impaler, a journeyman MfGl of Hepliaklqana (D:11)
  Erica (D:8)
  A two-headed ogre (D:12)
  A skeletal warrior (Volcano)
  2 anaconda skeletons (Volcano)
  Pikel (D:8)
  2 ugly things (D:12)
  A cyclops (D:11)
  Maurice (D:11)
  A black mamba (Lair:1)
  6 gargoyles
  A spiny frog (Lair:1)
  6 kobold demonologists
  A komodo dragon (D:11)
  4 trolls
  A harpy skeleton (Volcano)
  Grinder (D:6)
  2 slime creatures (D:12)
  A hippogriff (D:11)
  2 dream sheep (D:9)
  Sigmund (D:3)
  3 flying skulls (Volcano)
  22 yaks
  An alligator skeleton (Volcano)
  2 shadows
  3 wyverns
  A basilisk (Lair:1)
  Eustachio (D:5)
  3 hungry ghosts
  A steam dragon (D:4)
  A swamp drake (D:11)
  Duvessa (D:7)
  2 hornet zombies (D:7)
  6 orc warriors
  3 sky beasts
  2 slaves (D:8)
  3 ice beasts
  A necrophage (D:6)
  2 ogres
  A phantom (D:8)
  10 centaurs
  6 crocodiles
  7 big kobolds
  Blork the orc (D:5)
  4 bullfrogs
  Dowan (D:7)
  4 scorpions
  A troll zombie (Ossuary)
  15 killer bees
  3 troll skeletons (Volcano)
  10 wights
  A howler monkey (D:6)
  4 crimson imps
  A human zombie (Ossuary)
  3 jellies
  3 centaur zombies
  10 hounds
  A quasit (D:12)
  6 orc priests
  A centaur skeleton (D:12)
  13 orc wizards
  Crazy Yiuf (D:3)
  3 bullfrog skeletons (D:11)
  Jessica (D:2)
  5 iguanas
  6 worker ants
  3 ogre zombies (Ossuary)
  A hound zombie (D:6)
  A naga skeleton (Volcano)
  A hound skeleton (D:6)
  7 mummies (Ossuary)
  A howler monkey zombie (D:11)
  2 worker ant zombies
  Robin (D:2)
  14 adders
  A howler monkey skeleton (D:11)
  A shadow imp (D:6)
  2 adder zombies (Ossuary)
  2 adder skeletons
  4 worms
  A dart slug (D:3)
  7 leopard geckos
  44 orcs
  5 bats
  3 giant cockroaches
  4 gnoll zombies
  11 goblins
  4 hobgoblins
  9 jackals
  22 kobolds
  2 quokkas
  4 frilled lizards
  5 goblin zombies (Ossuary)
  3 hobgoblin zombies (Ossuary)
  4 kobold zombies (Ossuary)
  An orc zombie (Ossuary)
  A quokka skeleton (D:5)
  5 quokka zombies (Ossuary)
  5 rats
  2 rat zombies (Ossuary)
  A fungus (D:3)
404 creatures vanquished.

Vanquished Creatures (collateral kills)
  A killer bee (D:12)
  An orc (D:11)
2 creatures vanquished.

Vanquished Creatures (others)
  A two-headed ogre (D:11)
  A crocodile (Lair:1)
  A big kobold (D:9)
  A wight (D:12)
  An orc (D:11)
  A jackal (D:11)
6 creatures vanquished.

Grand Total: 412 creatures vanquished

Notes
Turn   | Place    | Note
-------+----------+-------------------------------------------
     0 | D:1      | Cryoshakespeare the Vampire Monk began the quest for the
                  | Orb.
     0 | D:1      | Reached XP level 1. HP: 17/17 MP: 1/1
   153 | D:1      | Reached XP level 2. HP: 23/23 MP: 2/2
   875 | D:2      | Reached XP level 3. HP: 25/29 MP: 3/3
   936 | D:2      | Noticed Jessica
   938 | D:2      | Killed Jessica
  1207 | D:2      | Noticed Robin
  1217 | D:2      | Reached XP level 4. HP: 33/35 MP: 4/4
  1255 | D:2      | Killed Robin
  1481 | D:3      | Noticed Sigmund
  1496 | D:3      | Killed Sigmund
  1496 | D:3      | Reached skill level 1 in Shields
  1496 | D:3      | Reached skill level 5 in Unarmed Combat
  1496 | D:3      | Reached XP level 5. HP: 13/42 MP: 5/5
  1586 | D:3      | Found a shimmering blue altar of Sif Muna.
  1596 | D:3      | Reached XP level 6. HP: 33/48 MP: 6/6
  2568 | D:3      | Found a runed translucent door.
  2569 | D:3      | Noticed Crazy Yiuf
  2586 | D:3      | Killed Crazy Yiuf
  2725 | D:4      | Found a transporter.
  2727 | D:4      | Noticed fritzmikael's ghost (amateur OgFi)
  2766 | D:4      | Found a transporter.
  2821 | D:4      | Got an ichor-stained great sword
  2835 | D:4      | Identified the cursed +1 great sword "Newtbane" {drain,
                  | MR+} (You found it on level 4 of the Dungeon)
  2853 | D:4      | Reached skill level 1 in Long Blades
  2870 | D:4      | Found a sacrificial altar of Ru.
  2872 | D:4      | Found a snail-covered altar of Cheibriados.
  2873 | D:4      | Noticed a steam dragon
  2878 | D:4      | HP: 1/48 [steam dragon/ball of steam (12)]
  2881 | D:4      | Killed a steam dragon
  2881 | D:4      | Reached skill level 3 in Long Blades
  2996 | D:4      | Became a worshipper of Ru the Awakened
  3012 | D:4      | Gained mutation: You cannot study or cast Poison magic. [Ru
                  | sacrifice]
  3012 | D:4      | Gained mutation: You cannot study or cast Transmutations
                  | magic. [Ru sacrifice]
  3012 | D:4      | Gained mutation: You cannot study or cast Summoning magic.
                  | [Ru sacrifice]
  3012 | D:4      | Reached * piety under Ru
  3462 | D:5      | Entered Level 5 of the Dungeon
  3466 | D:5      | HP: 2/48 [ogre/+0 giant spiked club (22)]
  3467 | D:5      | Reached XP level 7. HP: 3/53 MP: 7/7
  3473 | D:5      | Reached skill level 4 in Long Blades
  3610 | D:5      | Noticed Blork the orc
  3613 | D:5      | Killed Blork the orc
  3812 | D:5      | Noticed Eustachio
  3821 | D:5      | Reached skill level 5 in Long Blades
  3827 | D:5      | Killed Eustachio
  3841 | D:5      | Reached skill level 6 in Long Blades
  3859 | D:5      | Found a stormy altar of Qazlal.
  3948 | D:5      | Found a radiant altar of Vehumet.
  4018 | D:5      | Found a sand-covered staircase.
  4026 | Ossuary  | Entered an ossuary
  4153 | Ossuary  | Reached XP level 8. HP: 51/60 MP: 8/8
  4292 | Ossuary  | Reached skill level 7 in Long Blades
  5017 | D:6      | Noticed Grinder
  5033 | D:6      | Reached skill level 5 in Dodging
  5038 | D:6      | Paralysed by Grinder for 6 turns
  5141 | D:6      | Killed Grinder
  5141 | D:6      | Reached skill level 8 in Long Blades
  5165 | D:6      | Gained mutation: You cannot train Armour skill. [Ru
                  | sacrifice]
  5165 | D:6      | Reached ** piety under Ru
  5248 | D:6      | Found an ancient bone altar of Kikubaaqudgha.
  5438 | D:6      | Found a runed translucent door.
  5487 | D:6      | Found a staircase to the Ecumenical Temple.
  5526 | D:6      | Found an iron altar of Okawaru.
  5814 | D:6      | Reached skill level 9 in Long Blades
  5814 | D:6      | Reached XP level 9. HP: 60/65 MP: 9/9
  5855 | D:6      | Found a roughly hewn altar of Beogh.
  6221 | D:7      | Found a white marble altar of Elyvilon.
  6390 | D:7      | Found a basalt altar of Yredelemnul.
  6437 | D:7      | Reached skill level 10 in Long Blades
  6716 | D:7      | Found Rulorip's Food Shoppe.
  6729 | D:7      | Found a hazy altar of Hepliaklqana.
  6780 | D:7      | Noticed Dowan
  6781 | D:7      | Noticed Duvessa
  6802 | D:7      | Killed Duvessa
  6809 | D:7      | Killed Dowan
  6970 | D:7      | Found a hide-covered altar of Uskayaw.
  7284 | D:8      | Found a transporter.
  7284 | D:8      | Noticed a kobold demonologist
  7316 | D:8      | Reached skill level 5 in Fighting
  7376 | D:8      | Learned a level 1 spell: Confusing Touch
  7384 | D:8      | Gained mutation: You cannot study or use magical devices.
                  | [Ru sacrifice]
  7384 | D:8      | Reached *** piety under Ru
  7384 | D:8      | Reached **** piety under Ru
  7569 | D:8      | Noticed Erica
  7578 | D:8      | Killed Erica
  7578 | D:8      | Reached XP level 10. HP: 19/74 MP: 5/10
  7584 | D:8      | Reached skill level 11 in Long Blades
  8041 | D:8      | Noticed Pikel
  8056 | D:8      | Killed Pikel
  8107 | D:8      | Found a transporter.
  8623 | D:9      | Noticed a three-headed hydra
  8638 | D:9      | Killed a one-headed hydra
  8638 | D:9      | Reached skill level 12 in Long Blades
  8959 | D:9      | Noticed Harold
  8968 | D:9      | Killed Harold
  8968 | D:9      | Reached XP level 11. HP: 64/83 MP: 11/11
  9244 | D:10     | Entered Level 10 of the Dungeon
  9450 | D:10     | Gained mutation: You cannot be stealthy. [Ru sacrifice]
  9450 | D:10     | Reached ***** piety under Ru
  9948 | D:11     | Found Fepuc's Weapon Boutique.
  9950 | D:11     | Found a staircase to the Orcish Mines.
  9952 | D:11     | Found Okejuem's Armour Boutique.
  9987 | D:11     | Found Soploacop's Book Emporium.
 10002 | D:11     | Bought a book of Battle for 600 gold pieces
 10005 | D:11     | Learned a level 2 spell: Shroud of Golubria
 10053 | D:11     | Reached skill level 1 in Hexes
 10053 | D:11     | Reached skill level 1 in Charms
 10173 | D:11     | Reached skill level 1 in Translocations
 10266 | D:11     | Found a staircase to the Lair.
 10716 | D:11     | Learned a level 1 spell: Animate Skeleton
 10727 | D:11     | Noticed a two-headed ogre
 10752 | D:11     | Killed a two-headed ogre
 10873 | D:11     | Found a runed translucent door.
 10874 | D:11     | Noticed lenfi's ghost (journeyman MfGl)
 10943 | D:11     | Noticed Maurice
 10953 | D:11     | Killed Maurice
 10953 | D:11     | Reached skill level 13 in Long Blades
 10988 | D:11     | Gained mutation: You are weak. (Str -2) [Ru sacrifice]
 11464 | D:11     | Killed lenfi's ghost
 11513 | D:11     | Got a wavering brass ring
 11516 | D:11     | Identified the ring of Due Proportion {-Tele rF+ rC+ rN+}
                  | (You found it on level 11 of the Dungeon)
 11620 | D:12     | Reached skill level 10 in Dodging
 11718 | D:12     | Found Toani's Armour Shoppe.
 11947 | D:12     | Reached XP level 12. HP: 47/92 MP: 4/12
 12219 | D:12     | Got a warped robe
 12220 | D:12     | Identified the +1 robe of Listlessness {rPois Dex+8} (You
                  | found it on level 12 of the Dungeon)
 12228 | D:12     | Reached skill level 15 in Long Blades
 12228 | D:12     | Reached XP level 13. HP: 92/98 MP: 11/13
 12260 | D:12     | Found a blossoming altar of Fedhas.
 13015 | Lair:1   | Entered Level 1 of the Lair of Beasts
 13159 | Lair:1   | Found a dark tunnel.
 13168 | Volcano  | Entered a volcano
 13220 | Volcano  | Reached skill level 16 in Long Blades
 13597 | Volcano  | Identified the cursed +1 fire dragon scales "Woqusa" {rF++
                  | rC- Int+2}
 13613 | Volcano  | Mangled by a skeletal warrior

Levels and vault maps discovered:
D:1:      dpeg_arrival_ternary, layout_basic, kennysheep_doodads
D:2:      layout_loops_ring, first_ration, uniq_robin, uniq_jessica
D:3:      layout_basic, lemuel_crystal_altar, lightli_corner_chamber,
          uniq_crazy_yiuf_cottage, uniq_sigmund
D:4:      layout_basic, chequers_temple_overflow_statue_of_worship,
          gammafunk_ghost_mausoleum, hangedman_decor_growths,
          kennysheep_pointless_box
D:5:      layout_basic, nicolae_qazlal_general_emergency, marbit_many_paths,
          nicolae_ossuary_entry_monument, uniq_eustachio, uniq_blork_the_orc
D:6:      layout_basic, okawaru_metal_pillars_1_2,
          nicolae_overflow_crystal_walls, minmay_temple_entry_mist,
          hangedman_decor_opposing, lightli_church_of_beogh, uniq_grinder
D:7:      layout_loops_ring, old_standard_altar,
          lemuel_zombie_altar_yredelemnul, eat_drink_and_be_merry_uskayaw,
          kennysheep_little_box, serial_shops, shop_fountains, uniq_duvessa
D:8:      gammafunk_wand_slinger, layout_basic, uniq_pikel, uniq_erica
D:9:      layout_rooms, nicolae_overflow_hidden_temple, hangedman_ranch
          [blue_anna_fruit_fields], uniq_harold
D:10:     layout_irregular_city
D:11:     minmay_recursive_quarters, layout_long_grid, erik_lair_dragon,
          orc_david_3, serial_shops, shop, ebering_ghost_reflecting_pool,
          uniq_maurice
D:12:     layout_roguey, serial_shops, shop_coins, fedhas_bush_and_centaur_altar
D:13:     layout_roguey
Lair:1:   layout_gridlike, nicolae_volcano_entry_two_sided, serial_bayou_pond_d,
          minmay_lair_oklob_chamber, serial_bayou_shore_a
Volcano:  volcano_tomb [vts_chambers]

Skill      XL: |  1  2  3  4  5  6  7  8  9 10 11 12 13 |
---------------+----------------------------------------+-----
Fighting       | 3 5 6 7 8 |  8.9
Unarmed Combat | 4 5 |  5.6
Dodging        | 4 6 7 9 10 11 | 11.2
Shields        | 1 |  1.8
Long Blades    | 3 6 9 10 12 13 15 16 | 16.2
Stealth        | 0 |  0.0
Hexes          | 3 |  3.0
Charms         | 3 |  3.3
Translocations | 3 |  3.1

Action                   |  1- 3 |  4- 6 |  7- 9 | 10-12 | 13-15 || total
-------------------------+-------+-------+-------+-------+-------++-------
Melee: Unarmed           |    79 |    99 |       |       |       ||   178
       Bite              |     6 |    15 |    52 |    68 |    43 ||   184
       Punch             |     1 |       |       |       |       ||     1
       Long sword        |       |    18 |       |       |       ||    18
       Great sword       |       |    17 |   347 |   443 |   209 ||  1016
       Scimitar          |       |       |       |     5 |       ||     5
Throw: Throwing net      |       |       |       |       |     2 ||     2
 Cast: Animate Skeleton  |       |       |       |    12 |       ||    12
       Shroud of Golubri |       |       |       |    13 |       ||    13
       Confusing Touch   |       |       |       |     6 |       ||     6
Invok: Sacrifice Arcana  |       |     1 |       |       |       ||     1
       Sacrifice Durabil |       |       |     1 |       |       ||     1
       Power Leap        |       |       |     1 |     5 |     3 ||     9
       Sacrifice Artific |       |       |     1 |       |       ||     1
       Sacrifice Purity  |       |       |       |     1 |       ||     1
       Sacrifice Stealth |       |       |       |     1 |       ||     1
       Apocalypse        |       |       |       |       |     2 ||     2
       Draw Out Power    |       |       |       |       |     1 ||     1
       Reject Sacrifices |       |       |       |       |     1 ||     1
 Abil: Exsanguinate      |       |       |     1 |       |       ||     1
       Revivify          |       |       |     1 |       |       ||     1
  Use: Potion            |       |     3 |     4 |     1 |       ||     8
       Scroll            |       |       |     9 |     9 |     1 ||    19
 Stab: Sleeping          |     7 |    11 |    35 |     4 |       ||    57
       Paralysed         |       |       |       |     3 |    12 ||    15
       Distracted        |       |       |       |     5 |     3 ||     8
       Confused          |       |       |       |     5 |       ||     5
       Invisible         |       |       |       |     4 |     6 ||    10
Armor: Robe              |    13 |    15 |    67 |    82 |    13 ||   190
Dodge: Dodged            |    55 |    79 |   302 |   434 |   219 ||  1089
Block: Buckler           |     1 |    10 |       |       |       ||    11
       Shield            |       |    27 |       |       |       ||    27
       Rpst.: Great sword |       |     3 |    90 |   117 |    70 ||   280
